[Event "*** Qualifier 1: Titled Tuesday 3|2 Blitz"]
[Site "Chess.com"]
[Date "2017.04.04"]
[Round "7"]
[White "ShimanovAlex"]
[Black "tigra"]
[Result "1-0"]
[WhiteElo "2635"]
[BlackElo "2606"]
[TimeControl "180+2"]
[EndTime "14:40:29 PDT"]
[Termination "ShimanovAlex won on time"]

1. d4 e6 2. Bf4 Nf6 3. e3 c5 4. Nf3 Nc6 5. c3 Nh5 6. Bg5 Qb6 7. Qb3 h6 8. Bh4 g5 9. Bg3 Nxg3 10. hxg3 Bg7 11.
Nbd2 d5 12. g4 c4 13. Qc2 e5 14. Nxe5 Nxe5 15. dxe5 Bxg4 16. Be2 Be6 17. Nf3 O-O-O 18. O-O-O Kb8 19. g3 g4 20. Nd4 h5 21. Nxe6 Qxe6 22.
Rd2 Bxe5 23. Rhd1 Rd6 24. Bf1 f5 25. Bg2 Rhd8 26. Qa4 h4 27. Qa5 h3 28. Bxd5 Qe7 29.
Bh1 Bxg3 30. Qxf5 Rf8 31. Qxg4 Rxd2 32. Rxd2 Bxf2 33. Kc2 Kc7 34. Qxc4+ Kb8 35. Qg4 Kc7 36. Qxh3 Bxe3 37. Rd3 Rf3 38. Qxf3 1-0

[Event "*** Qualifier 1: Titled Tuesday 3|2 Blitz"]
[Site "Chess.com"]
[Date "2017.04.04"]
[Round "7"]
[White "EvgenyT"]
[Black "jcibarra"]
[Result "1-0"]
[WhiteElo "2494"]
[BlackElo "2645"]
[TimeControl "180+2"]
[EndTime "14:40:39 PDT"]
[Termination "EvgenyT won by resignation"]

1. Nf3 Nf6 2. c4 d6 3. Nc3 g6 4.
d4 Bf5 5. Nh4 Bd7 6. g3 Bg7 7. Bg2 Nc6 8. O-O O-O 9. b3 a6 10.
d5 Na5 11. Bd2 c5 12. dxc6 bxc6 13. Rc1 Rb8 14. c5 d5 15. e4 Bg4 16. Qe1 Nb7 17. b4 d4 18. Na4 e5 19. Nb2 Be6 20. a3 a5 21. Nd3 axb4 22. axb4 Ne8 23. f4 exf4 24.
gxf4 Bb3 25. Nf3 Ba4 26. Rf2 Bb5 27. Bf1 Nc7 28. Nde5 Qe8 29. Nxd4 Bxf1 30. Qxf1 Nd8 31. Ndf3 Kh8 32. Re1 f6 33. Nc4 Nf7 34. Nd6 Qd7 35.
e5 Ne6 36. exf6 Bxf6 37. Qc4 Ng7 38. Nxf7+ Rxf7 39. Ne5 Bxe5 40. Rxe5 Qg4+ 41. Rg2 Qd1+ 42. Re1 Rxf4 43. Qxf4 1-0

[Event "*** Qualifier 1: Titled Tuesday 3|2 Blitz"]
[Site "Chess.com"]
[Date "2017.04.04"]
[Round "7"]
[White "Goala"]
[Black "Th3ChessViking"]
[Result "1-0"]
[WhiteElo "2294"]
[BlackElo "2334"]
[TimeControl "180+2"]
[EndTime "14:40:39 PDT"]
[Termination "Goala won on time"]

1. d4 Nf6 2. c4 c5 3. d5 e5 4. Nc3 d6 5. e4 Nbd7 6. Be2 Be7 7. Nf3 O-O 8. O-O a6 9. Ne1 Ne8 10. g3 Rb8 11. f4 exf4 12. gxf4 g6 13. Bd3 Bf6 14. Nf3 Bg7 15. Re1 b5 16. e5 dxe5 17.
fxe5 Nb6 18. Be3 bxc4 19. Be4 Bg4 20. Bxc5 Bxe5 21. Bxf8 Kxf8 22. Kh1 Nd6 23. Bc2 Bxf3+ 24. Qxf3 Nd7 25. Rab1 Qh4 26. Re2 Kg7 27. Qf2 Qxf2 28.
Rxf2 f5 29. Re2 Kf6 30. Ree1 Rb6 31. Ba4 Nc5 32. Bc2 Rxb2 33. Rxb2 Bxc3 34. Rbb1 Bxe1 35.
Rxe1 Nce4 36. Rb1 Ke5 37. Rb6 Kxd5 38. Rxa6 c3 39. Ra7 Nc4 40. Rc7 1-0

[Event "*** Qualifier 1: Titled Tuesday 3|2 Blitz"]
[Site "Chess.com"]
[Date "2017.04.04"]
[Round "7"]
[White "geeeeri"]
[Black "proxy6"]
[Result "0-1"]
[WhiteElo "2289"]
[BlackElo "2214"]
[TimeControl "180+2"]
[EndTime "14:40:41 PDT"]
[Termination "proxy6 won by resignation"]

1. g3 Nf6 2. Bg2 d5 3. d3 e6 4.
Nd2 c5 5. Ngf3 Be7 6. O-O Nc6 7. Re1 b6 8. e4 Bb7 9. e5 Nd7 10. h4 Qc7 11. Qe2 h6 12. Nf1 O-O-O 13. c3 Rdg8 14. h5 g5 15. g4 Kb8 16. Bd2 Bc8 17.
a3 Re8 18. b4 f6 19. bxc5 Nxc5 20. d4 Ne4 21. c4 fxe5 22. dxe5 Bc5 23. Ne3 Ba6 24.
Rec1 Rhf8 25. Qe1 Nxe5 26. Nxe5 Qxe5 27. Bxe4 Qxe4 28. cxd5 exd5 29. Rxc5 bxc5 30. Qb1+ Ka8 31. Qxe4 Rxe4 32. Kg2 d4 33. Nf5 Rxg4+ 34. Ng3 Bb7+ 35. Kg1 c4 36. Bb4 Re8 37. Rd1 Bf3 38. Rc1 c3 39.
Bc5 Rc8 40. Bb4 Rf4 41. Kf1 Rf6 42. Ne2 d3 43. Nxc3 d2 44. Rb1 Rfc6 0-1

[Event "*** Qualifier 1: Titled Tuesday 3|2 Blitz"]
[Site "Chess.com"]
[Date "2017.04.04"]
[Round "7"]
[White "jeaston1"]
[Black "Noukii"]
[Result "0-1"]
[WhiteElo "2168"]
[BlackElo "2649"]
[TimeControl "180+2"]
[EndTime "14:40:49 PDT"]
[Termination "Noukii won by resignation"]

1. d4 d5 2. c4 c6 3. Nc3 Nf6 4. e3 a6 5. Qc2 Bg4 6. Nge2 e6 7. Ng3 Nbd7 8. h3 Bh5 9. Nxh5 Nxh5 10. Be2 Nhf6 11.
O-O Bb4 12. b3 O-O 13. a3 Bxc3 14. Qxc3 Ne4 15. Qc2 f5 16. a4 Qh4 17. Ba3 Rf7 18. b4 Rf6 19. Bd3 Rg6 20. Kh2 Ndf6 21. b5 Ng4+ 22. Kg1 Ngf6 23. Bxe4 Qxh3 24. f3 fxe4 25. fxe4 Qxe3+ 26. Qf2 Qxf2+ 27. Rxf2 Nxe4 28. Re2 axb5 29. axb5 Rg3 30. Bb2 Rxa1+ 31. Bxa1 Rb3 32. bxc6 bxc6 33. cxd5 cxd5 34. Bb2 h5 35. Kh2 g5 36. Bc1 Kg7 37. Ra2 Kg6 38. Ra8 h4 39. Rg8+ Kf7 40. Rh8 Rc3 41. Bb2 Rc2 42. Ba3 Ra2 43. Bb4 Ra1 44.
Rf8+ Kg7 45. Re8 Nf2 46. g3 h3 47. g4 Rh1+ 48. Kg3 Ne4+ 49. Kf3 Rf1+ 50. Ke2 Rf2+ 51. Ke3 h2 52. Re7+ Rf7 53. Rxf7+ 0-1

[Event "*** Qualifier 1: Titled Tuesday 3|2 Blitz"]
[Site "Chess.com"]
[Date "2017.04.04"]
[Round "7"]
[White "IamSchrodingersCat"]
[Black "wonderfultime"]
[Result "0-1"]
[WhiteElo "2384"]
[BlackElo "2664"]
[TimeControl "180+2"]
[EndTime "14:40:51 PDT"]
[Termination "wonderfultime won on time"]

1. e4 c5 2. Nf3 d6 3. d4 cxd4 4.
Nxd4 Nf6 5. Nc3 g6 6. Be3 Bg7 7. f3 O-O 8. Qd2 Nc6 9. O-O-O d5 10. Qe1 e5 11. Nxc6 bxc6 12. exd5 Nxd5 13. Bc4 Be6 14. Ne4 Re8 15. Bc5 Qc7 16. Qh4 Qa5 17. Ba3 Rab8 18. Ng5 h5 19. Nxe6 Rxe6 20. Rd3 Qa4 21. g3 e4 22. Bxd5 cxd5 23. Rxd5 Rc8 24. Rd8+ Rxd8 25. Qxd8+ Kh7 26. fxe4 Qxe4 27. Rd1 Qe2 28. Qd7 Rc6 29. Qd3 Qxh2 30. Kb1 Qh3 31. Qe4 Re6 32. Qd3 Qg4 33.
Bc5 Re5 34. Bxa7 Rb5 35. c3 Bxc3 36. b3 Bg7 37. Rf1 Rb7 38. Bc5 Rd7 39. Qc2 Qxg3 40. Rh1 Qe5 0-1

[Event "*** Qualifier 1: Titled Tuesday 3|2 Blitz"]
[Site "Chess.com"]
[Date "2017.04.04"]
[Round "7"]
[White "AlexanderL"]
[Black "Sanan_Sjugirov"]
[Result "1/2-1/2"]
[WhiteElo "2574"]
[BlackElo "2697"]
[TimeControl "180+2"]
[EndTime "14:40:57 PDT"]
[Termination "Game drawn by repetition"]

1. e4 c5 2. Nc3 d6 3. f4 g6 4.
Nf3 Bg7 5. Bb5+ Bd7 6. Bc4 Nc6 7. O-O Na5 8. Be2 e6 9. d4 Ne7 10. dxc5 dxc5 11. e5 O-O 12. Ne4 b6 13. c3 Bc6 14.
Qc2 Nf5 15. Rd1 Qe7 16. g4 Nh4 17. Be3 Qb7 18. Nd6 Qe7 19. Ne4 Rad8 20. Bf2 Nxf3+ 21. Bxf3 Bd5 22. Qe2 c4 23. g5 Qb7 24. Kg2 Qc6 25.
Nf6+ Bxf6 26. gxf6 Nb7 27. Bxd5 Rxd5 28. Qf3 Rfd8 29.
Rxd5 Rxd5 30. Rd1 Nd8 31. Rd4 Rxd4 32. Bxd4 h6 33. Kf2 Qxf3+ 34. Kxf3 Nc6 35. Be3 Kf8 36.
Ke4 Ke8 37. Bf2 Kd7 38. Be3 Kc7 39. Bf2 a5 40. Be3 a4 41. a3 b5 42. Bc5 Kd7 43. Be3 Na5 44. Kf3 Kc6 45. Ke4 Nb3 46. h3 Na5 47. Bd4 Nb3 48. Be3 Na5 49. Bd4 Nb7 50. Be3 Na5 1/2-1/2

[Event "*** Qualifier 1: Titled Tuesday 3|2 Blitz"]
[Site "Chess.com"]
[Date "2017.04.04"]
[Round "7"]
[White "AkshatChandra"]
[Black "johnathan113"]
[Result "1-0"]
[WhiteElo "2637"]
[BlackElo "2418"]
[TimeControl "180+2"]
[EndTime "14:40:59 PDT"]
[Termination "AkshatChandra won by resignation"]

1. d4 Nf6 2. Nf3 g6 3. Bg5 Bg7 4. Nbd2 O-O 5. e4 d6 6. c3 h6 7. Bh4 g5 8. Bg3 Nh5 9. Bc4 Nd7 10. Bb3 e6 11. O-O Kh8 12. Re1 Qe7 13. e5 Nxg3 14.
hxg3 dxe5 15. Nxe5 Nxe5 16. dxe5 Bd7 17. Bc2 Bc6 18.
Qh5 f5 19. exf6 Qxf6 20. Qe2 Rad8 21. Ne4 Qe7 22. g4 Rf4 23. Ng3 Rdf8 24. Qd3 Bf6 25. Qg6 Qg7 26. Qxg7+ Bxg7 27. f3 Rd8 28. Rad1 Rff8 29.
Be4 Be5 30. Rxd8 Rxd8 31. Nf1 Bxe4 32. Rxe4 Bf4 33. Rxe6 Rd1 34. Kf2 Rb1 35. Re2 Bc1 36. b3 Bb2 37. Rc2 Ba3 38. Ng3 Bc5+ 39. Ke2 Rg1 40. Kd3 Bd6 41. Nf5 Kh7 42. Nxd6 cxd6 43. Re2 Kg7 44. Re7+ Kf6 45. Rxb7 Rxg2 46. Rxa7 Ke5 47. a4 Kf4 48. Rf7+ Kg3 49. a5 Rb2 50. b4 h5 51. gxh5 1-0

[Event "*** Qualifier 1: Titled Tuesday 3|2 Blitz"]
[Site "Chess.com"]
[Date "2017.04.04"]
[Round "7"]
[White "SergeiAza"]
[Black "TenisMaster"]
[Result "1-0"]
[WhiteElo "2654"]
[BlackElo "2652"]
[TimeControl "180+2"]
[EndTime "14:41:01 PDT"]
[Termination "SergeiAza won by resignation"]

1. e4 e5 2. Nf3 Nc6 3. Bb5 Nf6 4.
O-O Nxe4 5. d4 Nd6 6. dxe5 Nxb5 7. a4 Nbd4 8. Nxd4 d5 9. Nxc6 bxc6 10. Qd3 Qd7 11.
Nd2 Be7 12. Nf3 h6 13. Qc3 c5 14. e6 Qxe6 15. Qxg7 Qf6 16. Qg3 Bd6 17. Re1+ Kf8 18.
Ne5 Bf5 19. Bf4 Re8 20. c3 Re7 21. Ng4 Rxe1+ 22. Rxe1 Qg6 23. Bxd6+ cxd6 24. Ne3 Qxg3 25. hxg3 Be6 26. Rd1 Ke7 27. Nxd5+ Bxd5 28. Rxd5 Rb8 29. Rd2 Ke6 30. g4 d5 31. Kh2 Ke5 32. Kg3 d4 33.
cxd4+ cxd4 34. Kf3 Rb4 35. Re2+ Kd5 36. Re7 Rb3+ 37. Kf4 Rxb2 38. f3 f6 39. Rxa7 Kc4 40. Rc7+ Kd3 41. Rc6 Ke2 42. Re6+ Kd2 43. Rxf6 d3 44.
Rxh6 Rb4+ 45. Kg5 Kc3 46. f4 d2 47. Rh1 Kc2 48. g3 d1=Q 49. Rxd1 Kxd1 50. f5 Ke2 51. f6 Kf3 52. f7 Rb8 53. Kf5 Kxg3 54. g5 Ra8 55. g6 1-0

[Event "*** Qualifier 1: Titled Tuesday 3|2 Blitz"]
[Site "Chess.com"]
[Date "2017.04.04"]
[Round "7"]
[White "micfel"]
[Black "AndrewMcStone"]
[Result "0-1"]
[WhiteElo "2101"]
[BlackElo "2007"]
[TimeControl "180+2"]
[EndTime "14:41:01 PDT"]
[Termination "AndrewMcStone won by resignation"]

1. e4 e6 2. d4 d5 3. Nd2 Nf6 4. e5 Nfd7 5. Bd3 c5 6. c3 Nc6 7. Ne2 cxd4 8. cxd4 f6 9. f4 fxe5 10. dxe5 Bc5 11. Nf3 Qb6 12. a3 Bf2+ 13. Kf1 Be3 14.
g3 O-O 15. Kg2 Bxc1 16. Qxc1 Ndxe5 17. fxe5 Rxf3 18. Kxf3 Nxe5+ 19. Kg2 Nxd3 20. Qg1 Qxb2 21. Qf1 Bd7 22. Rb1 Qc2 23. Qd1 Qc4 24. Rf1 Qe4+ 25.
Kg1 Qe3+ 26. Kg2 Bc6 27. Nf4 d4+ 28. Kh3 Nf2+ 29. Rxf2 Qxf2 30. Qg4 Re8 31. Qe2 Qxe2 32. Nxe2 e5 33. Re1 Kf7 34. g4 d3 35. Nc3 e4 36.
Nd1 Re6 37. Ne3 Rf6 38. Kg2 Rf3 39. Nf1 e3 40. Nxe3 Rxe3+ 0-1

[Event "*** Qualifier 1: Titled Tuesday 3|2 Blitz"]
[Site "Chess.com"]
[Date "2017.04.04"]
[Round "7"]
[White "Spartakus1975"]
[Black "SmoothAsAHedgehog"]
[Result "1-0"]
[WhiteElo "2519"]
[BlackElo "2524"]
[TimeControl "180+2"]
[EndTime "14:41:07 PDT"]
[Termination "Spartakus1975 won by resignation"]

1. e4 e5 2. Nf3 Nc6 3. Bb5 a6 4.
Bxc6 dxc6 5. O-O f6 6. d4 Bg4 7.
c3 Bd6 8. Be3 Ne7 9. Nbd2 Ng6 10. h3 Be6 11. dxe5 Nxe5 12. Nd4 Bd7 13. f4 Nf7 14.
Qb3 c5 15. Ne6 Bxe6 16. Qxe6+ Qe7 17. Qxe7+ Kxe7 18. Rad1 a5 19. a4 b6 20. Nc4 Rad8 21.
Kf2 Rhe8 22. Kf3 Kd7 23. Rfe1 Kc6 24. Bf2 Be7 25. g3 Bf8 26. Rxd8 Rxd8 27. e5 fxe5 28. Nxe5+ Nxe5+ 29. Rxe5 Bd6 30. Re4 Rd7 31. g4 Rf7 32.
Be3 b5 33. axb5+ Kxb5 34. b3 g6 35. Bd2 Rd7 36. c4+ Kb6 37. Bc3 Rf7 38. Ke3 Ka6 39.
Bd2 Kb6 40. Kf3 Rf8 41. h4 Rf7 42. g5 Rf8 43. Kg4 Rd8 44. Bc3 Rf8 45. Bd2 Rd8 46.
h5 Bf8 47. Re6+ c6 48. Be1 Rd1 49. hxg6 hxg6 50. Bf2 Rd2 51. Kf3 Rd3+ 52. Re3 Rd2 53. Be1 Rd1 54. Bc3 Bd6 55. Be5 Bf8 56. Ke4 a4 57.
bxa4 Ka5 58. Rh3 Re1+ 59. Kd3 Kxa4 60. Rh8 Be7 61. Rg8 Bxg5 62. Rxg6 Bd8 63. Rxc6 Kb4 64.
Bc3+ Kb3 65. Bxe1 1-0

[Event "*** Qualifier 1: Titled Tuesday 3|2 Blitz"]
[Site "Chess.com"]
[Date "2017.04.04"]
[Round "7"]
[White "FelixBlohberger"]
[Black "amaidel"]
[Result "0-1"]
[WhiteElo "2220"]
[BlackElo "2482"]
[TimeControl "180+2"]
[EndTime "14:41:09 PDT"]
[Termination "amaidel won on time"]

1. d4 d5 2. Bf4 Nf6 3. e3 c5 4. c3 Qb6 5. Qb3 c4 6. Qc2 Nc6 7. Nd2 g6 8. e4 Nxe4 9. Nxe4 Bf5 10. f3 dxe4 11. fxe4 Bd7 12. Nf3 Rc8 13. d5 Na5 14. Be5 f6 15. Bd4 Qc7 16. e5 Bg7 17. d6 Qd8 18. O-O-O O-O 19. dxe7 Qxe7 20. exf6 Bxf6 21. Qd2 Ba4 22. Re1 Qd8 23. Be2 b5 24. Bd1 Bxd1 25. Rxd1 a6 26. Rhe1 Nc6 27. Bxf6 Qxf6 28.
Qd5+ Kh8 29. Re6 Qf4+ 30. Kb1 Rcd8 31. Rd6 Rxd6 32. Qxd6 Qf5+ 33. Kc1 Rf6 34. Qd2 g5 35. Nxg5 Ne5 36. Qd8+ Rf8 37. Ne6 Rg8 38. Qd5 Qf6 39.
Nd4 Nd3+ 40. Rxd3 cxd3 41. Qe4 Qf1+ 42. Kd2 Rxg2+ 43. Ke3 Re2+ 44. Kxd3 Rxe4+ 0-1

[Event "*** Qualifier 1: Titled Tuesday 3|2 Blitz"]
[Site "Chess.com"]
[Date "2017.04.04"]
[Round "7"]
[White "GMMelik"]
[Black "Buffy7"]
[Result "0-1"]
[WhiteElo "2483"]
[BlackElo "2539"]
[TimeControl "180+2"]
[EndTime "14:41:10 PDT"]
[Termination "Buffy7 won by resignation"]

1. d4 Nf6 2. Bf4 d5 3. e3 c5 4. Nd2 Nc6 5. c3 cxd4 6. exd4 Bg4 7. Qb3 Qc8 8. h3 Bh5 9. g4 Bg6 10. g5 Nh5 11. Bh2 e6 12. Ngf3 Be7 13. Rg1 O-O 14. Nh4 Qd7 15. Nxg6 fxg6 16. Rg4 Rf7 17. f3 Bd6 18. Bxd6 Qxd6 19. O-O-O Qh2 20.
Re1 Nf4 21. h4 Rc8 22. Kd1 Qf2 23. Rxf4 Rxf4 24. Rxe6 Rf7 25. Qxd5 Rd8 26. Qb3 Qxh4 27. Bc4 Na5 28. Qb5 Nxc4 29. Nxc4 Qh1+ 30. Kc2 Qf1 31. Re8+ Rxe8 32. Qxe8+ Rf8 33. Qe6+ Kh8 34. Ne5 Qe2+ 35. Kb3 Qb5+ 36. Kc2 Qe8 37. Qd5 h6 38. gxh6 gxh6 39. Qxb7 h5 40. Qe4 Rf6 41. d5 Kg7 42. c4 Qa4+ 43. Kc3 Qxa2 44. Nd3 Qa5+ 45. b4 Qa1+ 46. Kb3 Qb1+ 47. Kc3 Qa1+ 48. Kb3 Qd1+ 49. Kc3 Qxf3 50.
Qe7+ Rf7 51. Qe5+ Qf6 52. d6 h4 53. c5 h3 54. c6 h2 55. c7 Qxe5+ 56. Nxe5 h1=Q 57. c8=Q Qc1+ 0-1

[Event "*** Qualifier 1: Titled Tuesday 3|2 Blitz"]
[Site "Chess.com"]
[Date "2017.04.04"]
[Round "7"]
[White "kharov2001"]
[Black "Outsmiter"]
[Result "0-1"]
[WhiteElo "1838"]
[BlackElo "2107"]
[TimeControl "180+2"]
[EndTime "14:41:29 PDT"]
[Termination "Outsmiter won by resignation"]

1. e4 d6 2. d4 Nf6 3. Nc3 g6 4. f4 Bg7 5. Nf3 O-O 6. Bd3 Na6 7. O-O c5 8. d5 Bg4 9. h3 Bxf3 10. Qxf3 Nb4 11. a3 Nxd3 12. Qxd3 Nd7 13. a4 a6 14. a5 Qc7 15. Qc4 Bd4+ 16. Kh1 Nf6 17. Re1 Nh5 18. Ne2 Bg7 19. Ra2 f5 20. Bd2 Qd7 21. e5 dxe5 22. fxe5 Bxe5 23. Bg5 Bd6 24. Bh6 Rf7 25. Nc3 f4 26. Re6 Ng3+ 27. Kg1 Rf5 28. Ne4 Nxe4 29. Qxe4 f3 30. g4 f2+ 31. Kf1 Rf7 32. Rxg6+ Kh8 33.
Re6 Qb5+ 34. c4 Qb3 35. Ra1 Qxh3+ 36. Ke2 f1=Q+ 37. Rxf1 Qxf1+ 38. Kd2 Rf2+ 39. Kc3 Rf3+ 40. Kc2 Qg2+ 41. Kb1 Rf1+ 42. Ka2 Qxe4 43. Rxe4 Rg8 44.
Kb3 Rg6 45. g5 Rf4 46. Re2 Kg8 47. Kc3 Kf7 48. b3 Ke8 49. Kc2 Kd7 50. Kc3 e6 51. dxe6+ Rxe6 52. Rd2 Re3+ 53. Kc2 Rg3 54. g6 Rf6 55.
gxh7 Rxh6 0-1

[Event "*** Qualifier 1: Titled Tuesday 3|2 Blitz"]
[Site "Chess.com"]
[Date "2017.04.04"]
[Round "7"]
[White "bancsoo"]
[Black "plouarzel"]
[Result "0-1"]
[WhiteElo "2611"]
[BlackElo "2412"]
[TimeControl "180+2"]
[EndTime "14:41:34 PDT"]
[Termination "plouarzel won by resignation"]

1. Nf3 g6 2. g3 Bg7 3. Bg2 e5 4.
O-O d5 5. d3 Ne7 6. e4 c6 7.
Nbd2 O-O 8. a4 h6 9. a5 Be6 10. Nb3 Nd7 11. Bd2 f5 12. exd5 cxd5 13. Re1 Bf7 14.
Bb4 Re8 15. Bxe7 Qxe7 16. Nxe5 Nxe5 17. d4 Qd6 18. dxe5 Rxe5 19. Rxe5 Bxe5 20. c3 f4 21. Qd2 Rd8 22. Nd4 Qf6 23. Re1 Kg7 24. Bh3 Re8 25. Rd1 h5 26. Bg2 h4 27. g4 Bxd4 28. cxd4 f3 29. Bf1 Re4 30. h3 Be6 31. Qc3 b6 32.
a6 Bd7 33. Qc7 Re7 34. Qb8 Ba4 35. Rc1 Qxd4 36. Rc7 Qe5 37. Rxe7+ Qxe7 38. Qf4 Bc6 39. g5 Qe6 40. Qxh4 Bd7 41. Qh6+ Kg8 42. Qh4 Qf5 43.
Kh1 Qb1 44. Kg1 Bb5 45. Kh2 Qxf1 46. Kg3 Qg2+ 47. Kf4 Qh2+ 48. Kxf3 d4 49. Qg4 Bc6+ 50. Ke2 Qe5+ 51. Kd2 Qa5+ 52. Kd3 Qxa6+ 53. Kd2 Qa5+ 54.
Kd3 Qb5+ 55. Kc2 Qc4+ 56. Kd2 Qb4+ 57. Kc2 Ba4+ 58. Kb1 Qe1+ 59. Ka2 Qxf2 60. Qc8+ Qf8 61. Qc7 Qf7+ 0-1

[Event "*** Qualifier 1: Titled Tuesday 3|2 Blitz"]
[Site "Chess.com"]
[Date "2017.04.04"]
[Round "7"]
[White "nonscitis"]
[Black "biveklama"]
[Result "1-0"]
[WhiteElo "2363"]
[BlackElo "2182"]
[TimeControl "180+2"]
[EndTime "14:41:34 PDT"]
[Termination "nonscitis won by resignation"]

1. e4 c5 2. Nf3 d6 3. d4 cxd4 4.
Nxd4 Nf6 5. Nc3 a6 6. Bg5 e6 7.
Qe2 Be7 8. O-O-O Bd7 9. Kb1 Qc7 10. f4 Nc6 11. g3 O-O-O 12. Bg2 Nxd4 13. Rxd4 Bc6 14.
Rhd1 h6 15. Bh4 g5 16. fxg5 hxg5 17. Bxg5 Rxh2 18. Qf1 Nxe4 19. Nxe4 Bxg5 20. Nxg5 Rxg2 21. Nxf7 Rd7 22. Nxd6+ Kb8 23. Qf4 Rh2 24. b3 Ka8 25. Nc4 Qxf4 26. gxf4 Rf7 27. Ne5 Rc7 28. Kb2 Rf2 29. Rc4 Ka7 30. Rd6 Kb6 31. a4 Rc8 32. Ka3 a5 33. Kb2 Rf1 34. Rxe6 Rf2 35. Nxc6 bxc6 36. Ree4 Rf8 37. Re6 Rc8 38. Rce4 Rf8 39. Rc4 Rc8 40. Rd6 Rc7 41. Rf6 Kb7 42. Rf5 Kb6 43.
Rcc5 Re7 44. Rxa5 Ree2 45. Rac5 Re4 46. Rc3 Rfxf4 47. Rxf4 Rxf4 48. Rd3 Ka5 49. Kc3 Kb6 50. Rd4 Rf3+ 51. Kb2 Rh3 52. Rb4+ Ka6 53. Rb8 Ka7 54.
Rg8 Kb7 55. Rg5 Kb6 56. Ka3 Ka6 57. Rf5 Kb6 58. c3 Rxc3 59. Re5 Rh3 60. Kb4 Rh4+ 61. Ka3 Ka6 62. Rc5 Kb6 63. Rc1 Rh3 64. Rg1 Ka6 65. Rg5 Kb6 66. Rg8 Rg3 67. Rxg3 1-0

[Event "*** Qualifier 1: Titled Tuesday 3|2 Blitz"]
[Site "Chess.com"]
[Date "2017.04.04"]
[Round "7"]
[White "MorpheusPro"]
[Black "twitchTriniCupid"]
[Result "1-0"]
[WhiteElo "2097"]
[BlackElo "2151"]
[TimeControl "180+2"]
[EndTime "14:41:36 PDT"]
[Termination "MorpheusPro won by resignation"]

1. d4 Nf6 2. c4 e6 3. Nc3 Bb4 4. Nf3 d5 5. Bg5 h6 6. Bh4 O-O 7.
e3 c5 8. Be2 dxc4 9. Bxc4 Nc6 10. O-O Na5 11. Bd3 c4 12. Bc2 Be7 13. Qe2 Nd5 14. Bxe7 Qxe7 15. Ne5 Qc7 16. Qf3 Nb4 17. Bb1 Bd7 18. Qe4 f5 19. Qh4 Bc6 20. e4 Rad8 21. exf5 exf5 22. Ng6 Rf6 23. Ne5 Nd5 24. Ne2 b5 25. Bc2 f4 26. Nf3 Rdf8 27.
Rad1 Nb4 28. Bb1 Bxf3 29. gxf3 Qd6 30. Nc3 g5 31. Qh5 R6f7 32. Ne4 Qb6 33. d5 Nd3 34. Bxd3 cxd3 35. Rxd3 Kg7 36. d6 Rd8 37. Rfd1 Nc4 38. Qg4 Ne5 39. Qe6 Nxd3 40. Rxd3 Qb7 41. Rd5 Qd7 42.
Nxg5 hxg5 43. Rxg5+ Kf8 44. Qh6+ Rg7 45. Qh8+ Kf7 46.
Rxg7+ Ke6 47. Qh6+ Kd5 48. Rxd7 Rxd7 49. Qxf4 Rxd6 50.
Qe4+ Kc5 51. Qe5+ Rd5 52. Qc3+ Kd6 53. Kg2 a6 54. f4 1-0

[Event "*** Qualifier 1: Titled Tuesday 3|2 Blitz"]
[Site "Chess.com"]
[Date "2017.04.04"]
[Round "7"]
[White "Sebastian"]
[Black "Duhless"]
[Result "0-1"]
[WhiteElo "2621"]
[BlackElo "2746"]
[TimeControl "180+2"]
[EndTime "14:41:39 PDT"]
[Termination "Duhless won by resignation"]

1. e4 g6 2. d4 Bg7 3. Nc3 d6 4. Be3 a6 5. Qd2 b5 6. h4 Nf6 7. f3 h5 8. O-O-O Nbd7 9. Nh3 Nb6 10.
Ng5 b4 11. Ne2 Nc4 12. Qd3 Nxe3 13. Qxe3 Nh7 14. Nxh7 Rxh7 15. Kb1 Rh8 16. Nf4 e6 17. Bc4 Bd7 18. g3 a5 19. Rhe1 a4 20. e5 d5 21.
Bf1 Qb8 22. Nd3 Bb5 23. Nc5 Bf8 24. Bxb5+ Qxb5 25. Nd3 Be7 26. Rc1 Kf8 27. c3 bxc3 28.
Rxc3 Ra7 29. Rec1 Kg7 30. Rxc7 Rha8 31. Rxa7 Rxa7 32. Nc5 Ra8 33. Qd3 Qb6 34. a3 Qa5 35.
Ka2 Rb8 36. Rc3 Rb5 37. Qc2 Qb6 38. f4 Bxc5 39. Rxc5 Rb3 40. Qf2 Rd3 41. Qc2 Rxd4 42. Rc6 Qb5 43. Rc7 Kg8 44. Ra7 Rc4 45. Qd3 Kg7 46.
Ra8 Qb6 47. Qd1 Qc6 48. Ra7 d4 49. f5 exf5 50. Qd3 Qd5 51. Rd7 Qxd7 52. Qxc4 d3 53.
Qc3 Qd5+ 54. b3 d2 55. e6+ Kh7 56. exf7 Qxb3+ 57. Qxb3 axb3+ 0-1

[Event "*** Qualifier 1: Titled Tuesday 3|2 Blitz"]
[Site "Chess.com"]
[Date "2017.04.04"]
[Round "7"]
[White "Fandorine"]
[Black "poummba"]
[Result "1-0"]
[WhiteElo "2637"]
[BlackElo "2390"]
[TimeControl "180+2"]
[EndTime "14:41:43 PDT"]
[Termination "Fandorine won by resignation"]

1. e4 c6 2. d4 d5 3. e5 c5 4. c4 cxd4 5. Ne2 Nc6 6. Nxd4 e6 7.
Nc3 Bc5 8. Nxc6 bxc6 9. Qg4 Ne7 10. Bd3 Ng6 11. O-O O-O 12. Bxg6 fxg6 13. Bg5 Qb6 14. Na4 Bxf2+ 15. Kh1 Qd4 16. Qe2 Ba6 17. b3 dxc4 18.
Rad1 cxb3 19. Qxa6 Qxe5 20. Be7 Rfe8 21. axb3 Rxe7 22.
Rxf2 Qe3 23. Qxc6 Rb8 24. Rf3 Qe2 25. Rdf1 h6 26. Nc3 Qc2 27. Qd6 Reb7 28. Qxe6+ Kh7 29. Ne4 Rxb3 30. Nf6+ Kh8 31. Rxb3 Qxb3 32. Nd5 Rd8 33. Nf4 Qxe6 34. Nxe6 Re8 35. Nc5 Rc8 36. Nb3 Rb8 37.
Na5 Rb5 38. Ra1 g5 39. h3 a6 40. Nc4 Rc5 41. Nd2 a5 42. Nb3 Rc6 43. Nxa5 Ra6 44.
Nb3 Rb6 45. Nd2 Rb2 46. Ne4 Kh7 47. Ra6 Re2 48. Ng3 Rc2 49. Kh2 Rc5 50. Nh5 Rc7 51. Ng3 Rb7 52. Nf5 Rc7 53. Re6 Rb7 54. Re7 Rxe7 55. Nxe7 g6 56. g4 Kg7 57. Kg3 Kf6 58. Nd5+ Ke5 59. Nc3 h5 60. Kf3 Kd4 61. Ne4 1-0

[Event "*** Qualifier 1: Titled Tuesday 3|2 Blitz"]
[Site "Chess.com"]
[Date "2017.04.04"]
[Round "7"]
[White "GMHess"]
[Black "rubhani"]
[Result "1-0"]
[WhiteElo "2595"]
[BlackElo "2412"]
[TimeControl "180+2"]
[EndTime "14:41:47 PDT"]
[Termination "GMHess won by resignation"]

1. b3 a5 2. Bb2 a4 3. Nf3 Nf6 4. e3 e6 5. c4 Be7 6. bxa4 O-O 7.
Nc3 b6 8. d4 Bb7 9. Bd3 d5 10.
O-O Na6 11. cxd5 exd5 12. Ne5 Nb4 13. Bb5 c6 14. a3 cxb5 15. axb4 Bxb4 16. Nxb5 Ne4 17.
Nd3 Ba5 18. Ba3 Re8 19. Rc1 Nd2 20. Nd6 Nxf1 21. Nxb7 Qb8 22. Nxa5 Qxh2+ 23. Kxf1 Rxa5 24. Bb4 Ra7 25. Qf3 Rxa4 26. g3 Qh3+ 27. Kg1 Qe6 28. Nf4 Qf5 29. Qxd5 Qf6 30. Qb5 Raa8 31.
Rc6 Ra1+ 32. Kg2 Qd8 33. Rxb6 Ra2 34. Qc6 h6 35. Nd5 Re6 36. Qc5 Rxb6 37. Nxb6 Qf6 38.
Be1 Re2 39. Qb4 Rxe1 40. Qxe1 Qxb6 41. Qc3 Qb7+ 42. Kg1 Qf3 43. Qc8+ Kh7 44. Qc2+ g6 45.
Qd2 Kg7 46. d5 Kf8 47. Qd4 Ke7 48. e4 f6 49. e5 fxe5 50. Qxe5+ Kf7 51. Qe6+ Kg7 52.
Qe5+ Kf7 53. d6 g5 54. Qe7+ Kg6 55. d7 Qd1+ 56. Kh2 Qd2 57. Qe8+ Kg7 58. Qe7+ Kg6 59.
Qe6+ Kg7 60. Kg2 g4 61. Qe7+ Kg6 62. Qe8+ Kg5 63. d8=Q+ 1-0

[Event "*** Qualifier 1: Titled Tuesday 3|2 Blitz"]
[Site "Chess.com"]
[Date "2017.04.04"]
[Round "7"]
[White "MagnusSeinFanboy"]
[Black "MyleneFarmer"]
[Result "0-1"]
[WhiteElo "2218"]
[BlackElo "2328"]
[TimeControl "180+2"]
[EndTime "14:41:48 PDT"]
[Termination "MyleneFarmer won on time"]

1. Nf3 f6 2. d4 g6 3. e4 Nh6 4. h4 Nf7 5. h5 e6 6. Bd3 Bg7 7. c4 d6 8. Nc3 c6 9. Bf4 e5 10. Be3 Bg4 11. Qd2 Bxh5 12. O-O-O Nd7 13. d5 c5 14. Rdg1 Bxf3 15. gxf3 g5 16. f4 exf4 17. Bxf4 Nde5 18. Be2 Ng6 19. Be3 Qe7 20. Bg4 Nfe5 21. Qd1 Nxg4 22. Qxg4 Qd7 23. Qd1 O-O-O 24.
Nb5 a6 25. Nc3 Kb8 26. Ne2 Ne5 27. Qc2 f5 28. exf5 h6 29. Ng3 Rdf8 30. Nh5 Rf7 31.
f4 gxf4 32. Bxf4 Nf3 33. Rg6 Be5 34. Bxe5 Nxe5 35. Re6 Rhf8 36. f6 Nf3 37. Qe4 Ng5 38.
Qe3 Qa4 39. Qf4 Nxe6 40. dxe6 Rc7 41. Qxd6 Qxc4+ 42. Kd2 Qb4+ 43. Kc1 Qc4+ 44. Kd2 Rg8 45.
Rh2 Rg1 46. Qd8+ Rc8 47. Qd6+ Ka7 48. e7 Qc1+ 49. Ke2 Qe1+ 50. Kf3 Rf1+ 51. Kg4 Qe4+ 52.
Kh3 Qf3+ 53. Ng3 Rg1 54. Qe5 h5 55. Rd2 Rh1+ 0-1